 Dungeon Crawl Stone Soup version 0.30.1-1-g62c8e00024 (webtiles) character file.

Game seed: 218699197984926962

227 cowcol the Covered (level 5, 0/48 HPs)
             Began as a Minotaur Fighter on July 18, 2023.
             Succumbed to Crazy Yiuf's poison
             ... on level 2 of the Dungeon.
             The game lasted 00:04:42 (2540 turns).

cowcol the Covered (Minotaur Fighter)               Turns: 2540, Time: 00:04:42

Health: 0/48       AC:  7    Str: 23    XL:     5   Next: 70%
Magic:  4/4        EV:  9    Int:  5    God:
Gold:   66         SH:  4    Dex:  9    Spells: 4/4 levels left

rFire   . . .        a - +0 war axe
rCold   . . .        c - +0 buckler
rNeg    . . .        b - +0 scale mail
rPois   .            (helmet restricted)
rElec   .            (no cloak)
rCorr   .            (no gloves)
SInv    .            (no boots)
Will    .....        (no amulet) Stlth
                     (no ring)
HPRegen 0.28/turn    (no ring)
MPRegen 0.09/turn

%: no passive effects
@: lethally poisoned (0 -> -12), hasted, very quick
A: horns 2, retaliatory headbutt
a: no special abilities


You were on level 2 of the Dungeon.
You visited 1 branch of the dungeon, and saw 2 of its levels.

You collected 66 gold pieces.

Inventory:

Hand Weapons
 a - a +0 war axe (weapon)
Missiles
 i - 4 poisoned darts (quivered)
Armour
 b - a +0 scale mail (worn)
 c - a +0 buckler (worn)
Scrolls
 g - a scroll of blinking
 h - a scroll of vulnerability
 j - 3 scrolls of teleportation {unknown}
 k - a scroll of fog {unknown}
 l - a scroll of silence {unknown}
 m - a scroll of magic mapping {unknown}
Potions
 d - a potion of haste
 e - a potion of attraction {unknown}
 f - a potion of degeneration {unknown}


   Skills:
 + Level 5.0 Fighting
 + Level 3.8 Axes
 + Level 5.2 Armour
 + Level 4.9 Shields


You had 4 spell levels left.
You didn't know any spells.
Your spell library was empty.

Dungeon Overview and Level Annotations

Branches:
Dungeon (2/15)

Altars:

Annotations:
D:2 Crazy Yiuf


Innate Abilities, Weirdness & Mutations

You have a pair of horns on your head.
You reflexively headbutt those who attack you in melee.


Message History

Crazy Yiuf shouts!
You feel yourself speed up.
You open the door.
Crazy Yiuf hits you with a +3 quarterstaff of chaos.
You are poisoned.
There is an open translucent door here.
You slash Crazy Yiuf! You headbutt Crazy Yiuf.
Crazy Yiuf is heavily wounded.
You feel very sick.
Crazy Yiuf hits you with a +3 quarterstaff of chaos.
You hit Crazy Yiuf. Your headbutt misses Crazy Yiuf.
Crazy Yiuf is severely wounded.
You feel sick.
Crazy Yiuf hits you with a +3 quarterstaff of chaos!
Crazy Yiuf freezes you.
You barely miss Crazy Yiuf.
Crazy Yiuf is severely wounded.
You feel sick.
Crazy Yiuf grits, "You!"
Crazy Yiuf drinks a potion.
Crazy Yiuf is healed!
You hit Crazy Yiuf.
Crazy Yiuf is moderately wounded.
You feel sick.
Crazy Yiuf hits you with a +3 quarterstaff of chaos.
* * * LOW HITPOINT WARNING * * *
You are lethally poisoned!
You hit Crazy Yiuf but do no damage.
Crazy Yiuf is moderately wounded.
* * * LOW HITPOINT WARNING * * *
You feel very sick.
Crazy Yiuf hits you with a +3 quarterstaff of chaos.
* * * LOW HITPOINT WARNING * * *
You closely miss Crazy Yiuf. Your headbutt misses Crazy Yiuf.
Crazy Yiuf is moderately wounded.
* * * LOW HITPOINT WARNING * * *
You feel very sick.
Unknown command.
You closely miss Crazy Yiuf. Your headbutt misses Crazy Yiuf.
Crazy Yiuf is moderately wounded.
You die...

.........#
#............###
.........#
#..............###
.........#
#............#...#
.........#
################.#
.........## #.#
##.###....# #.#
#........# #### #####.#
##........# #)..###
##.....# ..........#
#..g@.####......#
.#.......[#
#...##..#......##
.#<....#### ####
###.#....## .......####
######## ######....#
))<)##.##.##############
##.#..........##.......#
##[#.##.....#..####.#.##
......#................#


You could see Crazy Yiuf.

Vanquished Creatures
  Sigmund (D:2)
  Robin (D:2)
  A worm (D:2)
  4 bats
  4 endoplasms
  A giant cockroach (D:1)
  8 goblins
  8 hobgoblins
  4 jackals (D:1)
  A kobold (D:1)
  4 ball pythons
  A frilled lizard (D:2)
  2 rats (D:2)
40 creatures vanquished.

Notes
Turn   | Place    | Note
-------+----------+-------------------------------------------
     0 | D:1      | cowcol the Minotaur Fighter began the quest for the Orb.
     0 | D:1      | Reached XP level 1. HP: 19/19 MP: 0/0
   230 | D:1      | Reached XP level 2. HP: 27/27 MP: 1/1
  1352 | D:2      | Noticed Sigmund
  1653 | D:2      | Killed Sigmund
  1654 | D:2      | Reached skill level 5 in Armour
  1654 | D:2      | Reached XP level 3. HP: 20/35 MP: 2/2
  1654 | D:2      | Reached XP level 4. HP: 23/41 MP: 3/3
  1654 | D:2      | Reached XP level 5. HP: 27/47 MP: 4/4
  1695 | D:2      | Noticed Robin
  1702 | D:2      | Killed Robin
  2024 | D:2      | Reached skill level 5 in Fighting
  2527 | D:2      | Found a runed translucent door.
  2528 | D:2      | Noticed Crazy Yiuf
  2540 | D:2      | Succumbed to Crazy Yiuf's poison

Illustrated notes

Levels and vault maps discovered:
D:1:      dpeg_arrival_water_fire, layout_loops_ring, serial_co_window_serial,
          co_window_paths_a, co_window_corner_a, co_window_paths_a,
          co_window_paths_b, co_window_corner_a, co_window_2corner,
          co_window_corner_cb, co_window_corner_b, co_window_2corner,
          co_window_corner_cb, co_window_broadway_c, co_window_of_opportunity_c,
          glass_columns_b, glass_columns_b, glass_columns_c, glass_columns_a
D:2:      layout_basic, uniq_robin, uniq_sigmund, uniq_crazy_yiuf_cottage

Skill      XL: |  1  2  3  4  5 |
---------------+----------------+-----
Fighting       | 4 5 |  5.0
Armour         | 5 |  5.2
Shields        | 4 |  4.9
Axes           | 3 |  3.8

Action                     |  1- 3 |  4- 6 || total
---------------------------+-------+-------++-------
  Melee: War axe           |    42 |    40 ||    82
         Headbutt          |     6 |     9 ||    15
    Use: Potion            |     1 |     1 ||     2
         Scroll            |       |     2 ||     2
 Armour: Scale mail        |    30 |    10 ||    40
  Dodge: Dodged            |    18 |    14 ||    32
  Block: Buckler           |     8 |     8 ||    16
